[Event "Early-Titled-Tuesday-Blitz-August-29-2023"]
[Site "Chess.com"]
[Date "2023.08.29"]
[Round "6"]
[White "wonderfultime"]
[Black "lamomiajunior"]
[Result "1-0"]
[WhiteElo "2969"]
[BlackElo "2802"]
[TimeControl "180+1"]
[EndTime "9:06:38 PDT"]
[Termination "wonderfultime won by resignation"]

1. d4 Nf6 2. Nf3 e6 3. Bf4 c5 4. c3 b6 5. e3 Bb7 6. Nbd2 cxd4 7. exd4 d6 8. h3 Be7 9. Bd3 O-O 10. O-O a6 11. Re1 Nbd7 12. a4 Qc7 13. Bh2 Rfe8 14. Qc2 Rac8 15. Ng5 h6 16. Ngf3 Nb8 17. Qd1 Bc6 18.
Qe2 Qb7 19. Nc4 Rcd8 20. Ne3 Bf8 21. Red1 g6 22. Nd2 Bg7 23. Ndc4 Qc7 24. Qc2 e5 25. dxe5 dxe5 26. Bf1 Ne4 27. Rxd8 Rxd8 28. Rd1 Re8 29. Nd5 Bxd5 30. Rxd5 Nc5 31. b4 Ncd7 32. Qb3 Qc6 33. Nd6 Re6 34. b5 axb5 35. Bxb5 Qc7 36. Ne4 Kh7 37.
h4 Re7 38. h5 g5 39. Ng3 Nc5 40. Qd1 Qb7 41. Nf5 Re6 42. Nxg7 Kxg7 43. Bxe5+ Kh7 44. Bd3+ 1-0

[Event "Early-Titled-Tuesday-Blitz-August-29-2023"]
[Site "Chess.com"]
[Date "2023.08.29"]
[Round "6"]
[White "AndreiITrifan"]
[Black "Alexander_Moskalenko"]
[Result "1-0"]
[WhiteElo "2578"]
[BlackElo "2824"]
[TimeControl "180+1"]
[EndTime "9:06:38 PDT"]
[Termination "AndreiITrifan won on time"]

1. e4 c5 2. Nf3 e6 3. c4 Nc6 4.
Nc3 g5 5. h3 h6 6. d4 cxd4 7.
Nxd4 a6 8. Be3 Nge7 9. Be2 Bg7 10. Qd2 O-O 11. Rd1 Ng6 12. g3 Nce5 13. f4 gxf4 14. gxf4 Qh4+ 15. Kf1 Nc6 16. f5 Nxd4 17. Bxd4 Ne5 18. Qe3 b5 19. Rg1 f6 20. cxb5 axb5 21.
Bxb5 d5 22. Qg3 Qxg3 23. Rxg3 dxe4 24. Nxe4 exf5 25. Nxf6+ Rxf6 26. Bxe5 f4 27. Rxg7+ Kxg7 28. Rd6 Bxh3+ 29. Kf2 Rf8 30. a4 Kg6 31. Rxf6+ Rxf6 32. Bxf6 Kxf6 33. a5 Ke5 34. a6 Bc8 35. a7 Bb7 36. Be2 Kd6 37. Bf3 Kc7 38. a8=Q Bxa8 39. Bxa8 Kb6 40.
Be4 Kc5 41. Kf3 Kc4 42. Bc2 Kd4 43. Kxf4 Kc4 44. Kg4 1-0

[Event "Early-Titled-Tuesday-Blitz-August-29-2023"]
[Site "Chess.com"]
[Date "2023.08.29"]
[Round "6"]
[White "Kaua18"]
[Black "seopie"]
[Result "0-1"]
[WhiteElo "2495"]
[BlackElo "2669"]
[TimeControl "180+1"]
[EndTime "9:06:39 PDT"]
[Termination "seopie won by resignation"]

1. e4 c5 2. Nf3 d6 3. d4 cxd4 4.
Nxd4 Nf6 5. Nc3 a6 6. h3 e5 7.
Nb3 Be7 8. g4 h6 9. Be3 Be6 10.
Qd2 Nbd7 11. Bg2 Rc8 12. Nd5 Bxd5 13. exd5 Nb6 14. Na5 Nc4 15. Nxc4 Rxc4 16. b3 Rc8 17. c4 Nd7 18. a4 a5 19. Be4 Nc5 20. Bc2 Bg5 21.
f4 exf4 22. Bxf4 Bxf4 23. Qxf4 O-O 24. O-O Rc7 25. Rae1 Re7 26. Kg2 Rfe8 27. Qf5 g6 28.
Qf2 b6 29. Qd2 Rxe1 30. Rxe1 Rxe1 31. Qxe1 Qf6 32. Kh1 Kg7 33. Qd2 Qb2 34. Qd1 Qc3 35. Kh2 Nd7 36. Qe2 Ne5 37. Qe4 Qd2+ 38. Kg1 Qg5 39.
Kf1 h5 40. gxh5 Qxh5 41. Kg2 Qg5+ 42. Kf2 Qf6+ 43. Kg2 Qg5+ 44. Kf2 f5 45. Qe2 Qf4+ 46. Kg2 g5 47. Bd1 Ng6 48. Qb2+ Kf7 49. Bh5 Qe4+ 50.
Kf2 Qh4+ 51. Kg2 Qxh5 52. Qd4 Qh4 53. Qxb6 Nf4+ 54. Kf3 Qxh3+ 55. Kf2 Qg2+ 56. Ke3 Qg1+ 0-1

[Event "Early-Titled-Tuesday-Blitz-August-29-2023"]
[Site "Chess.com"]
[Date "2023.08.29"]
[Round "6"]
[White "AlexNovitz"]
[Black "jasrom"]
[Result "1-0"]
[WhiteElo "2242"]
[BlackElo "2398"]
[TimeControl "180+1"]
[EndTime "9:06:39 PDT"]
[Termination "AlexNovitz won on time"]

1. e4 e6 2. d4 d5 3. e5 c5 4. c3 Nc6 5. Nf3 Bd7 6. a3 Nge7 7. b4 cxd4 8. cxd4 Nf5 9. Bb2 h5 10. Nc3 Be7 11. Rc1 Rc8 12. Na4 b6 13. Ba6 Rc7 14. O-O g5 15. Bd3 g4 16. Bxf5 gxf3 17. Bh3 fxg2 18. Bxg2 Rg8 19. h3 Bg5 20. Rc3 Bf4 21. Rf3 Qg5 22. Rg3 Bxg3 23. fxg3 Qxg3 24. Rf2 Qxh3 25.
Nc3 Qg3 26. Nb5 Kd8 27. Nxc7 Kxc7 28. b5 Na5 29. Qxh5 Nc4 30. Bc1 Be8 31. Bf4 Qg4 32.
Qh6 Qg6 33. Qh4 Qb1+ 34. Kh2 Rg7 35. Qe7+ Kc8 36. Qxe8+ Kc7 37. Qe7+ Kc8 38. Qf8+ Kc7 39. Qxg7 1-0

[Event "Early-Titled-Tuesday-Blitz-August-29-2023"]
[Site "Chess.com"]
[Date "2023.08.29"]
[Round "6"]
[White "RobertoJBM"]
[Black "jaskol95"]
[Result "1-0"]
[WhiteElo "2820"]
[BlackElo "2562"]
[TimeControl "180+1"]
[EndTime "9:06:41 PDT"]
[Termination "RobertoJBM won by checkmate"]

1. e4 d5 2. exd5 Nf6 3. Bb5+ Nbd7 4. Be2 Nxd5 5. d4 c6 6. Nf3 N7f6 7. O-O Bg4 8. c4 Nb6 9. b3 e6 10. Bb2 Be7 11. Nbd2 O-O 12. Qc2 a5 13. a4 Bb4 14.
Rad1 Qe7 15. Ne4 Bf5 16. Bd3 Nxe4 17. Bxe4 Bxe4 18. Qxe4 Rad8 19. Rd3 Qf6 20. Rfd1 Qg6 21. Qe3 Nc8 22. Ne5 Qf5 23. g4 Qf6 24. d5 cxd5 25. cxd5 exd5 26. Rxd5 Rxd5 27. Rxd5 Ne7 28. Rb5 Qe6 29. h3 Nd5 30. Qf3 Nf6 31. Kg2 Bd6 32. Nc4 Be7 33. Re5 Qd7 34. g5 Ne8 35. Qd5 Nd6 36. Rxe7 Qxe7 37. Nxd6 h6 38. gxh6 gxh6 39.
Ne4 Kh7 40. Nf6+ Kg6 41. Qd3+ Kg5 42. h4+ Kf4 43. Qg3+ Kf5 44. Qg4# 1-0

[Event "Early-Titled-Tuesday-Blitz-August-29-2023"]
[Site "Chess.com"]
[Date "2023.08.29"]
[Round "6"]
[White "artin10862"]
[Black "BogdanDeac"]
[Result "1-0"]
[WhiteElo "2826"]
[BlackElo "3005"]
[TimeControl "180+1"]
[EndTime "9:06:42 PDT"]
[Termination "artin10862 won by resignation"]

1. Nf3 d5 2. e3 c5 3. Bb5+ Bd7 4. Bxd7+ Qxd7 5. O-O Nc6 6. d3 e6 7. e4 Bd6 8. Qe2 Nge7 9. c3 O-O 10. Re1 Ng6 11. g3 f5 12. exd5 exd5 13. Qe6+ Qxe6 14. Rxe6 Rad8 15. Na3 f4 16. Kg2 Nce5 17. Nxe5 Bxe5 18. gxf4 Bxf4 19. Kg1 Rde8 20. Rxe8 Rxe8 21. Kf1 Bxh2 22. Be3 b6 23. d4 cxd4 24. Bxd4 Bb8 25. Nc2 Kf7 26.
Nb4 Nf4 27. Be3 a5 28. Bxf4 axb4 29. Bxb8 Rxb8 30. cxb4 Rc8 31. a4 Rc2 32. Ra2 Rc4 33. a5 bxa5 34. bxa5 Ke6 35. a6 Rc8 36. b4 Kd6 37. b5 Rb8 38. b6 Kc6 39. b7 Kb6 40. a7 Kxb7 41. axb8=Q+ Kxb8 42. Rd2 Kc7 43. Rxd5 1-0

[Event "Early-Titled-Tuesday-Blitz-August-29-2023"]
[Site "Chess.com"]
[Date "2023.08.29"]
[Round "6"]
[White "IPAchess"]
[Black "blitzo_vich"]
[Result "1-0"]
[WhiteElo "2371"]
[BlackElo "2593"]
[TimeControl "180+1"]
[EndTime "9:06:42 PDT"]
[Termination "IPAchess won on time"]

1. d4 Nf6 2. c4 Nc6 3. Nf3 e6 4. a3 d6 5. Nc3 g6 6. e4 Bg7 7.
Be2 O-O 8. O-O Re8 9. h3 e5 10. d5 Nd4 11. Be3 Nxe2+ 12. Qxe2 a5 13. b4 Nh5 14. Rac1 f5 15. Bg5 Qd7 16. c5 dxc5 17. bxc5 f4 18. c6 Qf7 19. cxb7 Bxb7 20. Nb5 Ba6 21. a4 h6 22. Bh4 g5 23. Bxg5 hxg5 24. Nxg5 Qg6 25. h4 Rac8 26. Rc6 Bxb5 27. Qxb5 Nf6 28.
Rfc1 Qh5 29. d6 Qxh4 30. Qb3+ Kh8 31. Nf3 Qh7 32. Qf7 Rf8 33. Qe6 Rce8 34. Qb3 cxd6 35. Rxd6 Nxe4 36. Rd7 Qg6 37. Rcc7 Rg8 38. Nh4 Qe6 39.
Qd3 Rd8 40. Qxe4 Rxd7 41. Ng6+ Qxg6 42. Qxg6 Rxc7 43. Qh5+ Bh6 44. Qxh6+ Rh7 45. Qf6+ Rhg7 46. Qxe5 Rf8 47. Qxa5 1-0

[Event "Early-Titled-Tuesday-Blitz-August-29-2023"]
[Site "Chess.com"]
[Date "2023.08.29"]
[Round "6"]
[White "WhiteKnight2612"]
[Black "FairChess_on_YouTube"]
[Result "1/2-1/2"]
[WhiteElo "2834"]
[BlackElo "3048"]
[TimeControl "180+1"]
[EndTime "9:06:43 PDT"]
[Termination "Game drawn by repetition"]

1. Nf3 b5 2. g3 Bb7 3. Bg2 Nf6 4. O-O e6 5. d3 Be7 6. c4 a6 7. Nc3 b4 8. Na4 O-O 9. a3 a5 10. b3 c5 11. Bb2 d6 12. d4 Nbd7 13. Re1 Qc7 14.
Nd2 Bxg2 15. Kxg2 bxa3 16. Rxa3 cxd4 17. Bxd4 d5 18. Ra2 e5 19. Bb2 d4 20. Kg1 Rab8 21.
e3 dxe3 22. Rxe3 Rfd8 23. Qe2 Bb4 24. Nf3 Ng4 25. Rd3 Re8 26. Nh4 Ndf6 27. Nf5 e4 28. Rd1 Ne5 29. Bxe5 Qxe5 30. Nd4 Rbc8 31. Rc2 h5 32.
Qe3 Ng4 33. Qf4 Qxf4 34. gxf4 e3 35. f3 Nf2 36. Rdc1 Nh3+ 37. Kf1 Nxf4 38. Ne2 Nd3 39. Rd1 Ne5 40. c5 Nxf3 41. c6 Nxh2+ 42. Kg2 Ng4 43.
Nb6 Rb8 44. Nd7 Rbc8 45. Nb6 Rb8 46. Nd7 Rbc8 47. Nb6 1/2-1/2

[Event "Early-Titled-Tuesday-Blitz-August-29-2023"]
[Site "Chess.com"]
[Date "2023.08.29"]
[Round "6"]
[White "LionTheLeon_06"]
[Black "joppie2"]
[Result "0-1"]
[WhiteElo "2776"]
[BlackElo "2941"]
[TimeControl "180+1"]
[EndTime "9:06:43 PDT"]
[Termination "joppie2 won by resignation"]

1. e4 c5 2. Nf3 d6 3. Bb5+ Bd7 4. Bxd7+ Nxd7 5. c4 e6 6. Nc3 Be7 7. O-O Ngf6 8. d4 cxd4 9. Nxd4 a6 10. b3 O-O 11.
Be3 Qa5 12. Rc1 Rac8 13. Qd2 Qh5 14. h3 Rfd8 15. Rfe1 Bf8 16. f4 Qa5 17. Bf2 d5 18. e5 Ne8 19. cxd5 Bb4 20. Nde2 exd5 21. Red1 Nc7 22. Qd3 Nc5 23. Qf3 N5e6 24. f5 Nf8 25. Bd4 Bc5 26. Kh1 Nb5 27. Nxb5 Qxb5 28. Bxc5 Rxc5 29.
Nd4 Qb4 30. Rxc5 Qxc5 31. f6 g6 32. Qg3 h6 33. Nf5 Ne6 34. Nxh6+ Kf8 35. Qh4 Ke8 36.
Ng8 Kd7 37. Ne7 d4 38. Qh7 Qc2 39. Rg1 Rf8 40. Qh6 Qe4 41. Qd2 Rh8 42. Kh2 Qxe5+ 43. g3 Ng5 44. Qg2 Rxh3+ 45. Qxh3+ Nxh3 46. Kxh3 Qxf6 47.
Re1 Qxe7 0-1

[Event "Early-Titled-Tuesday-Blitz-August-29-2023"]
[Site "Chess.com"]
[Date "2023.08.29"]
[Round "6"]
[White "TigranHH"]
[Black "Chessdreamer2020"]
[Result "0-1"]
[WhiteElo "2289"]
[BlackElo "2564"]
[TimeControl "180+1"]
[EndTime "9:06:43 PDT"]
[Termination "Chessdreamer2020 won on time"]

1. d4 d6 2. Nf3 g6 3. c4 Bg7 4. Nc3 e5 5. Bg5 f6 6. Bh4 Nc6 7. e3 Nge7 8. dxe5 dxe5 9. Qxd8+ Nxd8 10. O-O-O Nf5 11. Bg3 h5 12. e4 Nxg3 13. hxg3 c6 14. Be2 Bg4 15. Nh4 Bxe2 16. Nxe2 Rg8 17. f4 Bh6 18.
Kc2 exf4 19. gxf4 Ne6 20. g3 Nc5 21. Nc3 Bf8 22. Nf3 Rd8 23. Rhe1 Rxd1 24. Rxd1 Be7 25. b4 Ne6 26. c5 b6 27. cxb6 axb6 28. Kb3 Kf7 29. e5 f5 30. Ne2 g5 31. Nfd4 gxf4 32. gxf4 Nxd4+ 33. Nxd4 Rg3+ 34. Kb2 Bxb4 35. Nxf5 Rg2+ 36. Kb3 Bc5 37. Nd6+ Ke6 38. Nc4 Rf2 39. Rh1 Rf3+ 40. Kc2 Rxf4 41. Nd2 h4 42. Kd3 Kxe5 43. Nc4+ Kf5 0-1

[Event "Early-Titled-Tuesday-Blitz-August-29-2023"]
[Site "Chess.com"]
[Date "2023.08.29"]
[Round "6"]
[White "Angry_Twin"]
[Black "vovachesss"]
[Result "1-0"]
[WhiteElo "2960"]
[BlackElo "2798"]
[TimeControl "180+1"]
[EndTime "9:06:44 PDT"]
[Termination "Angry_Twin won on time"]

1. e4 e5 2. Nf3 d5 3. exd5 e4 4. Qe2 Nf6 5. Nc3 Be7 6. Nxe4 O-O 7. Nxf6+ Bxf6 8. Qd1 Qxd5 9. Be2 c5 10. O-O Nc6 11.
d3 b6 12. Nd2 Bb7 13. Bf3 Qd7 14. Ne4 Be5 15. Nc3 Rfe8 16. Be3 Rad8 17. h3 Bb8 18. Re1 Qc7 19. g3 Ne5 20. Bg2 Bxg2 21. Kxg2 Qc6+ 22. f3 h5 23. Ne4 c4 24. d4 Nxf3 25. Qxf3 Rxe4 26.
Bf2 f5 27. d5 Rxd5 28. Rxe4 fxe4 29. Qxe4 Rd6 30. Qxc6 Rxc6 31. Rd1 Be5 32. c3 b5 33.
Rd5 Bf6 34. Rxb5 Rd6 35. Be3 Rd3 36. Kf3 Rd1 37. Bxa7 Rf1+ 38. Ke2 Rh1 39. h4 Ra1 40. a3 Be7 41. Be3 Rb1 42. a4 Bd6 43. Bf4 Be7 44. a5 Bf6 45. Be3 1-0

[Event "Early-Titled-Tuesday-Blitz-August-29-2023"]
[Site "Chess.com"]
[Date "2023.08.29"]
[Round "6"]
[White "noblerone"]
[Black "Yuruultei"]
[Result "1-0"]
[WhiteElo "2551"]
[BlackElo "2388"]
[TimeControl "180+1"]
[EndTime "9:06:44 PDT"]
[Termination "noblerone won by resignation"]

1. d4 Nf6 2. Nf3 g6 3. Bg5 Bg7 4. Nbd2 d5 5. e3 O-O 6. Be2 Nbd7 7. O-O c5 8. c4 cxd4 9. exd4 dxc4 10. Nxc4 b6 11.
Nfe5 Bb7 12. Bf3 Bxf3 13. Qxf3 Nxe5 14. dxe5 Nd7 15. Rfd1 Qe8 16. e6 fxe6 17. Qg4 Nc5 18. Be3 Qf7 19. Bxc5 bxc5 20. Rd2 Rad8 21. Rad1 h5 22. Qe2 Rxd2 23. Rxd2 Qf5 24. b3 Bd4 25. g3 e5 26. Kg2 e4 27. Ne3 Qf3+ 28. Kg1 e5 29.
Ng2 Qc3 30. Ne3 Rxf2 31. Kxf2 Qa1 32. Kg2 Kh7 33. Rd1 Qc3 34. Nd5 Qa5 35. Nf6+ Kh6 36. Nxe4 Qc7 37. Qf3 Qb7 38. Qf8+ Kh7 39. Qf3 Qa6 40.
Rd2 Qb6 41. Ng5+ Kh6 42. h4 Qc7 43. Qf8+ Qg7 44. Qxg7+ Kxg7 45. Kf3 Kf6 46. Ke4 Ke7 47.
Rc2 Kd6 48. Nf3 1-0

[Event "Early-Titled-Tuesday-Blitz-August-29-2023"]
[Site "Chess.com"]
[Date "2023.08.29"]
[Round "6"]
[White "supertfc"]
[Black "joksijoksi"]
[Result "1-0"]
[WhiteElo "2330"]
[BlackElo "2471"]
[TimeControl "180+1"]
[EndTime "9:06:44 PDT"]
[Termination "supertfc won by resignation"]

1. d4 d5 2. c4 c6 3. Nf3 Nf6 4. Qc2 g6 5. cxd5 cxd5 6. Bf4 Nc6 7. e3 Bg7 8. a3 O-O 9. h3 Bf5 10. Bd3 Bxd3 11. Qxd3 e6 12. Nc3 Na5 13. O-O a6 14.
Rac1 b5 15. Na2 Nc4 16. Rc2 a5 17. Rfc1 Ne4 18. Qe2 Qb6 19. Ne1 b4 20. axb4 axb4 21. b3 Na3 22. Rc6 Qa5 23. Bc7 Qa7 24. Nxb4 Qb7 25.
Ned3 Rac8 26. f3 Ng3 27. Bxg3 Rxc6 28. Rxc6 Ra8 29. Kh2 Bf8 30. Rc7 Qb5 31. Nc2 Qxb3 32. Nxa3 Rxa3 33. Nc5 Qxe3 34. Qxe3 Rxe3 35. Rc8 Kg7 36. Be5+ f6 37. Bxf6+ Kxf6 38. Rxf8+ Ke7 39. Rc8 Re1 40. Rc7+ Kd8 41. Rxh7 e5 42. dxe5 d4 43. Ne6+ Ke8 44. Nxd4 Rxe5 45. f4 Re1 46. Nf3 Re4 47. Kg3 Re3 48. Rg7 Rb3 49. Rxg6 Ra3 50. Rg7 Kf8 51.
Rb7 Rc3 52. Kg4 Rb3 53. Rxb3 1-0

[Event "Early-Titled-Tuesday-Blitz-August-29-2023"]
[Site "Chess.com"]
[Date "2023.08.29"]
[Round "6"]
[White "snowlord"]
[Black "attack2mateU"]
[Result "1/2-1/2"]
[WhiteElo "2905"]
[BlackElo "2744"]
[TimeControl "180+1"]
[EndTime "9:06:45 PDT"]
[Termination "Game drawn - insufficient material"]

1. Nf3 c5 2. e4 d6 3. Nc3 Nf6 4. e5 dxe5 5. Nxe5 a6 6. g3 Qd6 7.
Nf3 b5 8. Bg2 Bb7 9. O-O e6 10.
d3 Be7 11. a4 b4 12. Nb1 Nc6 13. Nbd2 Na5 14. Re1 O-O 15. Qe2 Rfd8 16. Nc4 Nxc4 17. dxc4 a5 18. Bf4 Qb6 19. b3 Ne4 20. Be5 Bf6 21. Bxf6 Nxf6 22. Ne5 Bxg2 23. Kxg2 Rd4 24.
Rad1 Rad8 25. Qf3 Qc7 26. Rxd4 Rxd4 27. Qa8+ Rd8 28. Qc6 Qxc6+ 29. Nxc6 Rd2 30. Nxa5 Rxc2 31. Kf3 g5 32. h3 h5 33. Re5 g4+ 34. hxg4 Nxg4 35. Rxh5 f5 36. Kf4 Rxf2+ 37. Kg5 Rf3 38. Nb7 Rxb3 39. Nxc5 Rxg3 40. Kf4 Rc3 41. Nxe6 b3 42.
Rxf5 b2 43. Rb5 Rxc4+ 44. Kg5 Kf7 45. Nf4 Rc5+ 46. Rxc5 b1=Q 47. Rf5+ Ke7 48. Kxg4 Qd1+ 49. Kg3 Qxa4 50. Kg4 Qd7 51. Kg5 Qxf5+ 52. Kxf5 1/2-1/2

[Event "Early-Titled-Tuesday-Blitz-August-29-2023"]
[Site "Chess.com"]
[Date "2023.08.29"]
[Round "6"]
[White "Aswathchess"]
[Black "Forge13"]
[Result "1-0"]
[WhiteElo "2518"]
[BlackElo "2656"]
[TimeControl "180+1"]
[EndTime "9:06:45 PDT"]
[Termination "Aswathchess won on time"]

1. d4 Nf6 2. c4 d6 3. Nc3 e5 4. Nf3 e4 5. Ng5 Bf5 6. Qb3 b6 7. Qc2 h6 8. Ngxe4 Nxe4 9. Nxe4 Qh4 10. Nxd6+ Bxd6 11. Qxf5 Bb4+ 12. Bd2 Bxd2+ 13. Kxd2 Qxd4+ 14. Ke1 O-O 15. Qc2 Nc6 16. e3 Qg4 17. h3 Qg5 18.
h4 Qg4 19. g3 Ne5 20. Be2 Qe6 21. Qe4 Qd6 22. Kf1 Rfe8 23. Rd1 Qb4 24. Qc2 a5 25. Kg2 a4 26. a3 Qc5 27. Qe4 c6 28.
Qd4 Qe7 29. Qxb6 c5 30. Rd5 Rab8 31. Qxc5 Qf6 32. Qd4 Qe6 33. Rd1 Nc6 34. Qc3 Rb3 35.
Qc2 Reb8 36. Rd6 Qe8 37. R1d2 Ne5 38. c5 Rxb2 39. Qxb2 Rxb2 40. Rxb2 Qa8+ 41. f3 g6 42. Rc2 Qa7 43. Kf2 Qc7 44. c6 Qxd6 45. c7 1-0

[Event "Early-Titled-Tuesday-Blitz-August-29-2023"]
[Site "Chess.com"]
[Date "2023.08.29"]
[Round "6"]
[White "Aleksandar-Topalov"]
[Black "vishwa_vijeta"]
[Result "1-0"]
[WhiteElo "2359"]
[BlackElo "2528"]
[TimeControl "180+1"]
[EndTime "9:06:45 PDT"]
[Termination "Aleksandar-Topalov won by resignation"]

1. b3 c5 2. Bb2 d6 3. d4 cxd4 4. Qxd4 Nc6 5. Qd2 e5 6. c4 Nf6 7. Nc3 Be7 8. g3 O-O 9. Bg2 Be6 10. e3 Rc8 11. Nge2 Qd7 12. O-O Bh3 13. Rfd1 Rfd8 14.
Rac1 Qe6 15. Ne4 Bxg2 16. Nxf6+ Bxf6 17. Kxg2 Ne7 18. Nc3 e4 19. Nd5 Nxd5 20. cxd5 Qf5 21. Bxf6 Qf3+ 22. Kg1 gxf6 23. Rxc8 Rxc8 24. Rc1 Re8 25. Rc7 h5 26. h4 f5 27. Qc3 f4 28.
Rc8 Rxc8 29. Qxc8+ Kg7 30. gxf4 Qd1+ 31. Kg2 Qxd5 32. Qd8 Qe6 33. Qg5+ Qg6 34. f5 Qxg5+ 35. hxg5 d5 36. Kg3 f6 37. g6 Kh6 38. Kh4 b5 39. b4 a6 40. a3 Kg7 41. Kxh5 Kg8 42.
Kh6 Kh8 43. g7+ Kg8 44. Kg6 d4 45. exd4 a5 46. bxa5 e3 47. a6 1-0

[Event "Early-Titled-Tuesday-Blitz-August-29-2023"]
[Site "Chess.com"]
[Date "2023.08.29"]
[Round "6"]
[White "Aygehovit1992"]
[Black "Vladimir_Zakhartsov"]
[Result "0-1"]
[WhiteElo "2740"]
[BlackElo "2915"]
[TimeControl "180+1"]
[EndTime "9:06:46 PDT"]
[Termination "Vladimir_Zakhartsov won on time"]

1. e4 c5 2. Nc3 a6 3. g3 b5 4. Bg2 Bb7 5. f4 Nf6 6. d3 b4 7.
Nce2 d5 8. e5 Nfd7 9. Nf3 e6 10.
O-O Nc6 11. c4 Nb6 12. Qc2 Be7 13. Be3 Rc8 14. Rad1 O-O 15. h4 f5 16. exf6 Bxf6 17. Ng5 Qe7 18. Bh3 Nd8 19. Rde1 h6 20. Nf3 Ba8 21.
Kh2 Qd6 22. b3 Rc7 23. Bc1 d4 24. Ne5 Nd7 25. Nxd7 Rxd7 26. Ng1 Re7 27. Nf3 Nf7 28. Bg2 Rfe8 29. Re2 e5 30. Nxe5 Bxe5 31. Bxa8 Bxf4 32. Rxe7 Bxg3+ 33. Kg2 Rxe7 34. Bd5 Bxh4 35. Bf4 Qg6+ 36. Kh1 Bf6 37. Qg2 Qh5+ 38. Bh2 Qe2 39. Rf2 Qd1+ 40.
Bg1 Re1 41. Bxf7+ Kxf7 42. Qd5+ Kg6 43. Rg2+ Bg5 0-1

[Event "Early-Titled-Tuesday-Blitz-August-29-2023"]
[Site "Chess.com"]
[Date "2023.08.29"]
[Round "6"]
[White "likantrophuss"]
[Black "suyu28"]
[Result "0-1"]
[WhiteElo "2542"]
[BlackElo "2726"]
[TimeControl "180+1"]
[EndTime "9:06:46 PDT"]
[Termination "suyu28 won by resignation"]

1. e4 c6 2. d4 d5 3. e5 Bf5 4. h4 h5 5. Bd3 Bxd3 6. Qxd3 e6 7. Nf3 Qa5+ 8. Bd2 Qb5 9. Qb3 Nh6 10. Bxh6 Rxh6 11.
Nc3 Qa6 12. Ne2 Nd7 13. Nf4 c5 14. c3 Rc8 15. a4 cxd4 16. cxd4 Qa5+ 17. Kf1 Bb4 18.
Kg1 Nb8 19. Kh2 Nc6 20. Rhd1 Qb6 21. Rac1 Be7 22. Qc2 Kd7 23. Ng5 Bxg5 24. hxg5 Rhh8 25. Qd2 g6 26. Rc3 Na5 27. Nd3 Nb3 28. Qf4 Rhf8 29. a5 Qb5 30. Rxc8 Kxc8 31. Nc5 Nxc5 32. dxc5 Qxa5 33.
Rc1 Kd7 34. Rc3 Qb5 35. Qf6 Qxb2 36. Rf3 Qd4 37. g3 Qxc5 38. Qg7 Qe7 39. Rb3 b6 40. Rc3 a5 41. f4 a4 42. Rd3 a3 43. Rd1 a2 44. Kh3 Ra8 45. Ra1 b5 46. f5 gxf5 47.
g6 fxg6 48. Qxg6 b4 49. Qh6 b3 50. Qd2 Qc5 51. Qh6 b2 52. Qg7+ Qe7 0-1

[Event "Early-Titled-Tuesday-Blitz-August-29-2023"]
[Site "Chess.com"]
[Date "2023.08.29"]
[Round "6"]
[White "Balla_Tamas"]
[Black "Miguelitro69"]
[Result "1-0"]
[WhiteElo "2444"]
[BlackElo "2298"]
[TimeControl "180+1"]
[EndTime "9:06:46 PDT"]
[Termination "Balla_Tamas won by checkmate"]

1. e4 c5 2. c3 d5 3. exd5 Qxd5 4. d4 Nc6 5. Nf3 Bg4 6. Be2 cxd4 7. cxd4 Nf6 8. Nc3 Qa5 9. d5 Rd8 10. Bb5 Nxd5 11. Qb3 Bxf3 12. gxf3 Nxc3 13. bxc3 e6 14. O-O Be7 15. Bf4 O-O 16. Rad1 Qa3 17. Qc4 Qc5 18. Qe2 a6 19. Bd3 Bf6 20. Kh1 Qh5 21. Rg1 e5 22. Bc1 g6 23. Rg3 Ne7 24. Rdg1 Nf5 25. Rg4 Rd7 26.
Bg5 Nh6 27. Rh4 Qxg5 28. Rxg5 Bxg5 29. Rh3 Rfd8 30. Bc2 Rd2 31. Qe4 Rxf2 32. Kg1 Rdd2 33. Bb3 Rg2+ 34. Kf1 Rdf2+ 35. Ke1 Bd2+ 36. Kd1 Rg1+ 37.
Kc2 Bf4+ 38. Kd3 Rd2+ 39. Kc4 Nf5 40. Qxb7 Kg7 41. Kc5 Rgd1 42. Qxf7+ Kh8 43. Qg8# 1-0

[Event "Early-Titled-Tuesday-Blitz-August-29-2023"]
[Site "Chess.com"]
[Date "2023.08.29"]
[Round "6"]
[White "Orest_Vovk"]
[Black "GalaxyRoman"]
[Result "1-0"]
[WhiteElo "2558"]
[BlackElo "2704"]
[TimeControl "180+1"]
[EndTime "9:06:48 PDT"]
[Termination "Orest_Vovk won by resignation"]

1. e4 e5 2. Nf3 Nc6 3. Bb5 a6 4. Bxc6 dxc6 5. O-O Bg4 6. h3 h5 7. d3 Qf6 8. Be3 Bxf3 9. Qxf3 Qxf3 10. gxf3 Ne7 11.
f4 exf4 12. Bxf4 O-O-O 13. Nc3 f6 14. Rae1 g5 15. Bh2 Ng6 16. f4 Bc5+ 17. Kh1 g4 18.
e5 f5 19. Ne2 Ne7 20. Bg1 Bxg1 21. Rxg1 Rdg8 22. Kh2 Kd7 23. c4 c5 24. d4 cxd4 25.
Nxd4 c5 26. Nc2 h4 27. hxg4 fxg4 28. Rd1+ Kc7 29. Ne3 g3+ 30. Kh3 Ng6 31. Nd5+ Kb8 32. e6 Rf8 33. e7 Rf7 34. Rde1 Re8 35. Re4 Kc8 36. Rge1 Kd7 37. Rd1 Kc6 38. Re6+ Kd7 39. Rxg6 Kc8 40. Rh6 Rg7 41. Rxh4 g2 42. Rg1 Reg8 43.
f5 Rg3+ 44. Kh2 Rf3 45. f6 Kd7 46. Rxg2 Re8 47. Rh7 b5 48. f7 1-0

[Event "Early-Titled-Tuesday-Blitz-August-29-2023"]
[Site "Chess.com"]
[Date "2023.08.29"]
[Round "6"]
[White "Vsevolod_Ovchinnikov"]
[Black "Rosh1610"]
[Result "1-0"]
[WhiteElo "2623"]
[BlackElo "2445"]
[TimeControl "180+1"]
[EndTime "9:06:48 PDT"]
[Termination "Vsevolod_Ovchinnikov won by resignation"]

1. d4 Nf6 2. c4 e6 3. g3 d5 4. Nf3 dxc4 5. Qa4+ Nc6 6. Bg2 Bb4+ 7. Bd2 Nd5 8. Bxb4 Nxb4 9. O-O O-O 10. a3 Nd5 11.
Qxc4 Nb6 12. Qc3 Ne7 13. Rc1 c6 14. Nbd2 Nbd5 15. Qd3 b6 16. Rc2 Bb7 17. Rac1 Rc8 18. e3 f6 19. Bh3 Qd7 20. Qe4 Kf7 21. Nc4 Ng6 22. Qg4 Rfe8 23. Qh5 Kg8 24. e4 Nc7 25. e5 f5 26. Nd6 Ba6 27. Rxc6 Red8 28. Nxc8 Rxc8 29. Ng5 Nf8 30. Bf1 Bb7 31. Rd6 Qe7 32.
Bg2 Bxg2 33. Kxg2 h6 34. Nf3 Rd8 35. Rxd8 Qxd8 36. Qh4 Qd5 37. Rxc7 Ng6 38. Rc8+ Kh7 39. Qd8 Nh4+ 40. gxh4 Qe4 41. Qh8+ Kg6 42. Qe8+ Kh7 43. h3 Qd5 44. h5 Qxf3+ 45. Kxf3 1-0

[Event "Early-Titled-Tuesday-Blitz-August-29-2023"]
[Site "Chess.com"]
[Date "2023.08.29"]
[Round "6"]
[White "Magila31"]
[Black "benny_aizenberg"]
[Result "0-1"]
[WhiteElo "2480"]
[BlackElo "2660"]
[TimeControl "180+1"]
[EndTime "9:06:49 PDT"]
[Termination "benny_aizenberg won by resignation"]

1. d4 e5 2. dxe5 Nc6 3. Nf3 Qe7 4. Nc3 Nxe5 5. Nd5 Nxf3+ 6. gxf3 Qd8 7. Qd4 d6 8. Rg1 Be6 9. Bg5 f6 10. Bd2 Ne7 11.
Nf4 Bf7 12. Bh3 Nc6 13. Qa4 a6 14. O-O-O b5 15. Qe4+ Ne7 16. Be6 d5 17. Bxf7+ Kxf7 18. Qe6+ Ke8 19. Bb4 Qd7 20. Bxe7 Qxe6 21. Nxe6 Kxe7 22.
Nxc7 Rc8 23. Nxd5+ Kf7 24. e4 Bc5 25. Ne3 Rc7 26. Kb1 Rhc8 27. Rd2 g6 28. Rgd1 Ke6 29. Nd5 Rb7 30. Nf4+ Ke7 31. c3 a5 32. Nd5+ Ke6 33. f4 a4 34. Ne3 a3 35. b3 Bxe3 36. fxe3 Rxc3 37. Rd3 Rbc7 38. Rd6+ Ke7 39. R6d3 b4 40.
h4 h5 41. f5 g5 42. hxg5 fxg5 43. e5 h4 44. e4 g4 45. e6 g3 46. Rd7+ Kf6 47. Rxc7 Rxc7 48. Rd7 Rxd7 49. exd7 Ke7 0-1

[Event "Early-Titled-Tuesday-Blitz-August-29-2023"]
[Site "Chess.com"]
[Date "2023.08.29"]
[Round "6"]
[White "Goryachkina"]
[Black "DawidCzerw"]
[Result "1-0"]
[WhiteElo "2650"]
[BlackElo "2489"]
[TimeControl "180+1"]
[EndTime "9:06:49 PDT"]
[Termination "Goryachkina won by checkmate"]

1. e4 c5 2. Nf3 Nc6 3. Bb5 e6 4. Bxc6 bxc6 5. d3 d6 6. e5 f6 7.
exd6 Bxd6 8. Nbd2 e5 9. Nc4 Bc7 10. Be3 Ne7 11. Qd2 O-O 12. O-O-O Be6 13. Bxc5 Rf7 14.
Kb1 Nd5 15. Rhe1 Nb6 16. b3 Rb8 17. Ba3 Nxc4 18. dxc4 Rd7 19. Qe2 a5 20. Rxd7 Qxd7 21. Rd1 Qf7 22. Bb2 a4 23. Nd2 axb3 24. axb3 Bf5 25. Ne4 h6 26. f3 Qg6 27. g4 Be6 28.
Qd3 h5 29. h3 hxg4 30. hxg4 Qh6 31. g5 fxg5 32. Rg1 Bf5 33. c5 g4 34. fxg4 Bg6 35. Rf1 Qh2 36. Qc4+ Kh8 37. Ng5 Qg2 38. Rc1 Rf8 39. Ne6 Bf7 40. g5 Re8 41. Qh4+ Kg8 42. Nxc7 Re7 43. g6 Rxc7 44. Qd8+ Be8 45. Qxe8# 1-0